 Dungeon Crawl Stone Soup version 0.19-a0-1740-g0bcaf2e (webtiles) character file.

53 Alarkh the Grave Robber (level 3, -2/24 HPs)
             Began as a Mummy Necromancer on Oct 2, 2016.
             Slain by Crazy Yiuf
             ... wielding a +3 quarterstaff of chaos
              (19 damage)
             ... on level 2 of the Dungeon.
             The game lasted 00:02:28 (1923 turns).

Alarkh the Grave Robber (Mummy Necromancer)         Turns: 1923, Time: 00:02:28

Health: -2/24      AC:  3    Str: 11    XL:     3   Next: 62%
Magic:  3/7        EV: 12    Int: 15    God:
Gold:   94         SH:  0    Dex: 12    Spells: 2 memorised, 4 levels left

rFire  x . .     SeeInvis .     c - +0 dagger
rCold  + . .     Gourm    .     a - +0 robe
rNeg   + + +     Faith    .     (no shield)
rPois  ∞         Spirit   .     (no helmet)
rElec  .         Dismiss  .     (no cloak)
rCorr  .         Reflect  .     f - +0 pair of gloves
MR     .....     Harm     .     (no boots)
Stlth  ++........               (no amulet)
                                (no ring)
                                (no ring)

@: no status effects
A: no food or potions, fire vulnerability, cold resistance 1, negative energy
resistance 3, torment resistance, unbreathing
a: no special abilities


You were on level 2 of the Dungeon.
You were not hungry.

You visited 1 branch of the dungeon, and saw 2 of its levels.

You collected 94 gold pieces.

Inventory:

Hand Weapons
 c - a +0 dagger (weapon)
Armour
 a - a +0 robe (worn)
 f - a +0 pair of gloves (worn)
Scrolls
 d - a scroll of identify {unknown}
 e - a scroll of noise
 g - a scroll of remove curse {unknown}
 h - a scroll of recharging
 i - a scroll of teleportation
 j - a scroll of enchant weapon {unknown}
Books
 b - a book of Necromancy

   Spells                             Type                      Level
   a - Pain                           Necromancy                   1
   b - Animate Skeleton               Necromancy                   1
   c - Vampiric Draining              Necromancy                   3
   d - Regeneration                   Charms/Necromancy            3
   e - Animate Dead                   Necromancy                   4
   f - Control Undead                 Necromancy                   4


   Skills:
 - Level 1.5 Dodging
 - Level 1.5 Stealth
 + Level 3.0 Spellcasting
 + Level 4.7 Necromancy


You had 4 spell levels left.
You knew the following spells:

 Your Spells              Type           Power        Failure   Level  Hunger
a - Pain                  Necr           ###.         2%          1    N/A
b - Vampiric Draining     Necr           ###.......   10%         3    N/A

Dungeon Overview and Level Annotations

Branches:
Dungeon (2/15)

Altars:
Cheibriados

Annotations:
D:2 Crazy Yiuf


Innate Abilities, Weirdness & Mutations

You do not eat or drink.
Your flesh is vulnerable to fire.
You are immune to poison.
Your flesh is cold resistant. (rC+)
You are immune to negative energy. (rN+++)
You are immune to unholy pain and torment.
You can survive without breathing.


Message History

Aiming: Pain
Press: ? - help, Shift-Dir - straight line, f/p - Crazy Yiuf
Aim: Crazy Yiuf, wielding a quarterstaff of chaos and wearing a cloak (chance to defeat MR: 81%) Crazy Yiuf barely resists.
Casting: Pain
Confirm with . or Enter, or press ? or * to list all spells.
Aiming: Pain
Press: ? - help, Shift-Dir - straight line, f/p - Crazy Yiuf
Aim: Crazy Yiuf, wielding a quarterstaff of chaos and wearing a cloak (chance to defeat MR: 81%) Crazy Yiuf writhes in agony!
Casting: Pain
Confirm with . or Enter, or press ? or * to list all spells.
Aiming: Pain
Press: ? - help, Shift-Dir - straight line, f/p - Crazy Yiuf
Aim: Crazy Yiuf, wielding a quarterstaff of chaos and wearing a cloak (lightly wounded, chance to defeat MR: 81%) Crazy Yiuf writhes in agony!
Crazy Yiuf hits you with a quarterstaff of chaos!
You are electrocuted!
Ouch! That really hurt!
You die...

##.###.#.#
#..####..........#
#..##.#.# ##...#
##.........#
##....#.# #....#
#.........#
#####..##.# ##..##
#.........#
#...#..##.# #....#
#..........
#......##.##
#...## #######....
#..........# ##.##
###.. ######.#.#.#
#.## ##.. #..!..#
##@# ##### #...
###.#.# #g##
#...## #... #...#
##.# ###..###...
##.%# #'#
##....... #..# ...
#####... #..#
#...# #... #..#
#..)# #... ##.#
##### #... #.#
####


You could see Crazy Yiuf.

Vanquished Creatures
  An adder (D:2)
  A worm (D:2)
  A dart slug (D:1)
  A leopard gecko (D:1)
  A ball python (D:1)
  5 bats
  3 giant cockroaches (D:1)
  2 hobgoblins
  3 jackals (D:2)
  4 kobolds
  5 frilled lizards
  5 goblins
  6 rats (D:2)
38 creatures vanquished.

Notes
Turn   | Place    | Note
-------+----------+-------------------------------------------
     0 | D:1      | Alarkh the Mummy Necromancer began the quest for the Orb.
     0 | D:1      | Reached XP level 1. HP: 13/13 MP: 3/3
   234 | D:1      | Reached XP level 2. HP: 19/19 MP: 3/5
  1360 | D:2      | Reached XP level 3. HP: 21/24 MP: 3/6
  1473 | D:2      | Found a snail-covered altar of Cheibriados.
  1777 | D:2      | Found a runed door.
  1917 | D:2      | Learned a level 3 spell: Vampiric Draining
  1917 | D:2      | Noticed Crazy Yiuf
  1923 | D:2      | Slain by Crazy Yiuf

Vault maps used:
D:1:      kennysheep_arrival_forest, minmay_misc_feat_nine_boxes, st_stairs_3,
          minmay_pentomino_w4
D:2:      overflow_temple_1_default, first_bread, uniq_crazy_yiuf_cottage

Skill      XL: |  1  2  3 |
---------------+----------+-----
Spellcasting   | 3 |  3.0
Dodging        | |  1.5
Stealth        | |  1.5
Necromancy     | |  4.7

Action                   || total
-------------------------++-------
Melee: Dagger            ||    28
       Unarmed           ||     6
 Cast: Pain              ||    75
  Use: Scroll            ||     3
Armor: Robe              ||    14
Dodge: Dodged            ||    61
